Map: Curious Minds LE

Players

Warthog - Winner!

  • Race: Terran Terran
  • League: Diamond
  • Spawn Location: 11:00

traGedy

  • Race: Protoss Protoss
  • League: Diamond
  • Spawn Location: 5:00

VOD

Have the link to the VOD?

Description

Time

  • Played on: Nov. 23, 2021, 5:40 p.m.
  • Length: 13:05
Show
View Real Time Build Order
Export as new Build Order

Warthog Terran - Winner!

Build Orders:  

Get SALT Encoding   

  12  0:01  SCV  
  13  0:13  SCV  
  14  0:17  Supply Depot  
  14  0:25  SCV  
  15  0:39  SCV  
  15  0:40  Barracks  
  16  0:43  Refinery  
  16  0:51  SCV  
  17  1:03  SCV  
  18  1:16  SCV  
  19  1:29  Marine, Orbital Command  
  20  1:42  Command Center  
  20  1:49  Barracks Reactor  
  20  1:56  SCV  
  20  1:58  Supply Depot  
  21  2:08  SCV  
  21  2:11  Factory  
  22  2:18  Refinery  
  22  2:20  SCV  
  23  2:25  Marine x2  
  25  2:30  Bunker  
  25  2:33  SCV  
  26  2:46  SCV  
  27  2:55  Hellion, Starport  
  29  2:59  Orbital Command  
  29  3:04  SCV  
  30  3:07  Marine  
  30  3:09  Marine  
  32  3:16  Hellion  
  34  3:23  SCV  
  34  3:26  SCV  
  36  3:27  Marine x2  
  38  3:34  Supply Depot  
  38  3:36  Medivac  
  38  3:38  Hellion  
  42  3:42  SCV x2  
  44  3:52  Barracks  
  44  3:55  Barracks  
  44  3:56  SCV x2  
  44  4:13  SCV  
  45  4:17  SCV  
  45  4:21  Factory Tech Lab, Marine x2, Starport Tech Lab  
  48  4:25  SCV  
  48  4:29  Supply Depot, SCV  
  48  4:30  Supply Depot  
  50  4:37  SCV  
  51  4:40  Siege Tank  
  51  4:42  Barracks Tech Lab x2  
  54  4:50  Raven  
  54  4:51  SCV  
  54  4:52  Supply Depot  
  57  4:59  Refinery, SCV  
  58  5:05  Marauder x2, Marine x2  
  58  5:06  Stimpack, Combat Shield  
  64  5:08  SCV  
  64  5:11  SCV  
  66  5:14  Supply Depot  
  66  5:20  SCV  
  67  5:25  SCV  
  67  5:26  Marauder, Marine  
  71  5:36  Command Center  
  71  5:39  Engineering Bay  
  71  5:40  Engineering Bay  
  71  5:43  Barracks  
  71  5:45  Starport Reactor  
  71  5:47  Refinery, Barracks  
  71  5:48  Refinery  
  71  6:00  SCV  
  71  6:03  SCV  
  73  6:07  Terran Infantry Armor Level 1, Terran Infantry Weapons Level 1  
  73  6:09  Marauder x2, Marine x2  
  78  6:23  Supply Depot  
  78  6:26  Supply Depot, Marine  
  78  6:27  Marine  
  78  6:30  Marauder  
  82  6:35  Barracks Reactor  
  82  6:36  Medivac x2  
  86  6:44  SCV x2, Marine  
  86  6:46  Supply Depot  
  89  6:50  Supply Depot  
  89  6:53  Orbital Command  
  89  6:56  SCV  
  90  7:02  Marauder x2  
  94  7:09  Marauder, Marine  
  94  7:12  Siege Tank  
  100  7:21  Armory  
  100  7:23  Marauder  
  100  7:28  Marauder, Marine x3  
  107  7:32  SCV x2, Orbital Command  
  109  7:50  SCV x2  
  111  7:56  Marine  
  111  7:57  Medivac x2, Marauder, Marine  
  119  8:02  Supply Depot  
  119  8:03  Supply Depot, SCV  
  119  8:04  SCV x2  
  121  8:16  Terran Infantry Weapons Level 2  
  121  8:17  Terran Infantry Armor Level 2  
  121  8:24  Marauder, Marine x5  
  121  8:25  Siege Tank  
  121  8:26  SCV x3  
  133  8:35  Refinery  
  133  8:36  Refinery  
  133  8:48  SCV x2  
  135  8:56  Marine x2  
  135  8:57  Marauder, Marine, Factory  
  135  8:59  Factory  
  135  9:00  Marine  
  135  9:01  Marauder, Marine  
  144  9:07  Supply Depot  
  144  9:08  Supply Depot  
  144  9:14  Marine x3  
  147  9:18  Marine x3  
  147  9:21  Siege Tank  
  147  9:22  Marine  
  154  9:32  Marine x2  
  154  9:36  Marauder  
  154  9:38  Supply Depot x2  
  158  9:41  SCV x2  
  158  9:42  SCV  
  161  9:53  SCV  
  161  9:59  Factory Tech Lab x2  
  162  10:00  Marauder, Marine  
  162  10:01  Supply Depot x2  
  165  10:07  Marauder, Marine x2  
  165  10:11  Marauder, Marine  
  165  10:12  Terran Vehicle Weapons Level 1  
  172  10:18  Marine  
  173  10:22  Command Center, Marauder  
  173  10:24  Barracks  
  173  10:25  Marine  
  173  10:26  Barracks  
  176  10:28  Barracks  
  176  10:37  Medivac, Siege Tank  
  159  10:53  Marine  
  159  10:54  Marauder, Marine x3  
  159  10:55  Siege Tank  
  142  11:03  SCV, Marauder x2  
  147  11:08  Siege Tank  
  147  11:09  Medivac x2, Siege Tank  
  157  11:11  Marine x3  
  157  11:12  Marine  
  157  11:13  Barracks Tech Lab x2  
  157  11:15  Barracks Tech Lab, Marauder  
  163  11:24  Marauder  
  165  11:27  Siege Tank  
  168  11:37  Marauder, Marine  
  168  11:39  Medivac x2  
  173  11:45  Marine  
  173  11:46  Marauder  
  171  12:11  Siege Tank x3, Marine  
  171  12:12  Marauder, Marine  
  181  12:35  Marauder, Marine x2  
Show
View Real Time Build Order
Export as new Build Order

traGedy Protoss 

Build Orders: 1 Gate Expand 

Get SALT Encoding   

  12  0:00  Probe  
  13  0:12  Probe  
  14  0:17  Pylon  
  14  0:25  Probe  
  15  0:37  Probe, Gateway  
  16  0:47  Assimilator  
  16  0:49  Probe  
  17  1:01  Probe  
  18  1:13  Probe  
  19  1:28  Cybernetics Core  
  19  1:30  Probe  
  20  1:37  Nexus  
  20  1:42  Probe  
  20  1:44  Assimilator  
  21  1:54  Probe  
  21  2:00  Warp Gate (Chrono Boost)  
  21  2:01  Pylon  
  22  2:06  Probe  
  23  2:17  Gateway  
  23  2:22  Gateway  
  23  2:25  Probe  
  23  2:29  Sentry (Chrono Boost)  
  26  2:38  Probe  
  27  2:49  Probe  
  27  2:50  Probe  
  29  2:52  Stalker (Chrono Boost)  
  31  3:03  Pylon  
  31  3:08  Robotics Facility  
  31  3:12  Probe  
  32  3:13  Probe  
  33  3:24  Probe  
  33  3:25  Probe  
  35  3:34  Stalker x2  
  35  3:35  Stalker  
  35  3:37  Probe x2  
  43  3:44  Assimilator  
  43  3:47  Pylon  
  43  3:49  Probe x2  
  43  3:55  Observer (Chrono Boost)  
  46  4:03  Probe x2  
  46  4:08  Immortal (Chrono Boost)  
  52  4:15  Probe x2  
  54  4:25  Stalker x3  
  54  4:28  Probe x2  
  62  4:34  Pylon  
  62  4:36  Pylon  
  62  4:52  Immortal (Chrono Boost), Probe x2  
  68  4:58  Forge  
  68  5:02  Forge  
  68  5:04  Probe x2  
  70  5:10  Stalker  
  70  5:13  Stalker  
  74  5:16  Probe x2  
  76  5:24  Stalker  
  78  5:32  Protoss Ground Weapons Level 1 (Chrono Boost)  
  78  5:35  Protoss Ground Armor Level 1 (Chrono Boost)  
  78  5:43  Nexus  
  78  5:54  Photon Cannon x2  
  78  5:56  Assimilator  
  78  6:02  Pylon  
  78  6:20  Twilight Council, Probe x2  
  80  6:31  Immortal  
  80  6:32  Probe x2  
  86  6:35  Gateway  
  86  6:43  Gateway  
  86  6:44  Photon Cannon  
  86  6:45  Gateway  
  86  6:48  Photon Cannon  
  86  6:55  Probe x2  
  88  7:04  Assimilator  
  88  7:06  Pylon  
  88  7:09  Stalker x3, Assimilator, Pylon  
  88  7:10  Pylon  
  88  7:12  Blink (Chrono Boost)  
  88  7:15  Immortal (Chrono Boost)  
  94  7:21  Protoss Ground Weapons Level 2 (Chrono Boost)  
  94  7:22  Protoss Ground Armor Level 2 (Chrono Boost)  
  98  7:25  Probe x3  
  101  7:37  Stalker x2  
  101  7:40  Stalker  
  101  7:43  Probe  
  101  7:44  Probe x2  
  110  7:47  Stalker  
  112  7:54  Templar Archives  
  112  7:57  Zealot  
  114  8:03  Probe x3  
  117  8:29  Stalker x4  
  117  8:31  Psionic Storm  
  125  8:42  Photon Cannon  
  125  8:44  Photon Cannon  
  125  8:45  Pylon  
  125  8:46  Shield Battery  
  125  8:57  Pylon  
  125  8:59  Pylon  
  125  9:01  Pylon  
  125  9:02  Pylon  
  125  9:07  Charge  
  125  9:10  High Templar x4  
  133  9:18  Zealot x2  
  137  9:24  Robotics Bay  
  137  9:26  Robotics Facility  
  137  9:36  Nexus  
  137  9:39  Pylon  
  137  9:40  Protoss Ground Armor Level 3 (Chrono Boost), Protoss Ground Weapons Level 3 (Chrono Boost)  
  137  9:41  Pylon  
  137  9:46  Pylon  
  137  9:58  Assimilator  
  137  10:02  Assimilator, High Templar x3  
  137  10:03  High Templar  
  145  10:12  Gateway  
  145  10:15  Extended Thermal Lance, Gateway  
  145  10:21  Gateway  
  145  10:23  Gateway  
  145  10:27  Photon Cannon  
  145  10:30  Photon Cannon  
  145  10:31  Shield Battery  
  111  10:55  Zealot x6  
  87  10:59  Colossus (Chrono Boost)  
  87  11:00  Colossus (Chrono Boost)  
  99  11:15  Stalker x3  
  99  11:16  Stalker  
  107  11:19  High Templar x2  
  111  11:31  Zealot x4  
  115  11:56  Stalker x2  
  115  11:57  Stalker x2  
  115  11:58  Colossus (Chrono Boost)  
  115  11:59  Colossus (Chrono Boost)  
  132  12:33  Nexus  
  132  12:36  Pylon  
Tags
 
Add a new tag
Caveats
  • Supply blocks, unpowered buildings, or Contaminate may cause inaccurate times.
  • Supply counts are checked every 10 seconds.